 Dungeon Crawl Stone Soup version 0.21.0-3-g78d12a8 (webtiles) character file.

24165 IksarHS the Fighter (level 13, -2/86 HPs)
             Began as a Gargoyle Monk on Jan 14, 2018.
             Was the Champion of Okawaru.
             Slain by a tyrant leech (8 damage)
             ... on level 6 of the Lair of Beasts.
             The game lasted 00:37:05 (14736 turns).

IksarHS the Fighter (Gargoyle Monk)                Turns: 14736, Time: 00:37:06

Health: -2/86      AC: 27    Str: 22    XL:     13   Next: 11%
Magic:  0/24       EV: 10    Int: 11    God:    Okawaru [******]
Gold:   891        SH:  0    Dex: 12    Spells: 12/12 levels left

rFire    . . .     SeeInvis .   a - +6 executioner's axe (chop)
rCold    . . .     Gourm    .   (shield currently unavailable)
rNeg     + . .     Faith    .   x - +0 chain mail (curse)
rPois    ∞         Spirit   +   L - +2 hat {MR+}
rElec    +         Reflect  .   z - +0 cloak
rCorr    .         Harm     .   t - +0 pair of gloves
MR       ++...                  (no boots)
Stlth    ..........             A - amulet of guardian spirit
HPRegen  0.24/turn              d - ring of protection from magic
MPRegen  0.19/turn              l - ring of magical power

@: hasted, very quick
A: hooves 1, rugged brown scales 1, negative energy resistance 1, electricity
resistance, strong 1, wild magic 1, unbreathing, petrification resistance, rot
immunity, AC +9
a: Heroism, Finesse, Renounce Religion


You were on level 6 of the Lair of Beasts.
You worshipped Okawaru.
Okawaru was exalted by your worship.
You were not hungry.

You visited 3 branches of the dungeon, and saw 16 of its levels.

You collected 891 gold pieces.

Inventory:

Hand Weapons
 a - a +6 executioner's axe of chopping (weapon)
 b - a +2 broad axe of flaming
Missiles
 o - 23 javelins (quivered)
Armour
 t - a +0 pair of gloves (worn)
 x - a cursed +0 chain mail (worn)
 z - a +0 cloak (worn)
 H - a +1 helmet of intelligence
 J - a scarf of cloud immunity
 L - a +2 hat of magic resistance (worn)
Jewellery
 d - a ring of protection from magic (left hand)
 l - a ring of magical power (right hand)
 u - an uncursed ring of protection from cold
 A - an amulet of guardian spirit (around neck)
Wands
 m - a wand of clouds (6)
 s - a wand of iceblast (8)
 O - a wand of paralysis (17)
Scrolls
 e - a scroll of torment {unknown}
 g - 4 scrolls of enchant armour
 h - 14 scrolls of identify
 i - a scroll of amnesia
 k - 9 scrolls of remove curse
 n - 4 scrolls of enchant weapon {unknown}
 q - 5 scrolls of magic mapping
 r - a scroll of holy word {unknown}
 v - a scroll of random uselessness {unknown}
 w - 5 scrolls of fear
 y - a scroll of immolation
 K - a scroll of teleportation
Potions
 p - 3 potions of lignification
 D - a potion of might
 F - a potion of agility {unknown}
 I - 2 potions of berserk rage
 M - a potion of flight
Books
 j - a book of Necromancy

   Spells                             Type                      Level
   a - Pain                           Necromancy                   1
   b - Animate Skeleton               Necromancy                   1
   c - Vampiric Draining              Necromancy                   3
   d - Regeneration                   Charms/Necromancy            3
   e - Animate Dead                   Necromancy                   4
   f - Borgnjor's Vile Clutch         Necromancy/Earth             5
 B - a book of Power

   Spells                             Type                      Level
   a - Iskenderun's Battlesphere      Conjuration/Charms           5
   b - Venom Bolt                     Conjuration/Poison           5
   c - Bolt of Magma                  Conjuration/Fire/Earth       5
   d - Iron Shot                      Conjuration/Earth            6
   e - Orb of Destruction             Conjuration                  7
   f - Spellforged Servitor           Conjuration/Summoning        7
 E - a book of Misfortune

   Spells                             Type                      Level
   a - Confusing Touch                Hexes                        1
   b - Confuse                        Hexes                        3
   c - Gell's Gravitas                Translocation                3
   d - Petrify                        Transmutation/Earth          4
   e - Metabolic Englaciation         Hexes/Ice                    5
   f - Yara's Violent Unravelling     Hexes/Transmutation          5
Miscellaneous
 G - a lightning rod (4/4)
Comestibles
 c - 15 rations


   Skills:
 + Level 11.5 Fighting
 * Level 11.2(12.4) Axes
   Level 10.0(12.4) Maces & Flails
 + Level 11.0 Armour
 + Level 3.9 Dodging
 - Level 2.1 Stealth
 + Level 3.8 Invocations


You had 12 spell levels left.
You didn't know any spells.

Dungeon Overview and Level Annotations

Branches:
Dungeon (9/15)             Temple (1/1) D:7            Lair (6/6) D:9
  Swamp (0/4) Lair:2        Snake (0/4) Lair:2
  Slime: Lair:5-6       Orc: D:9-12

Altars:
Ashenzari
Cheibriados
Dithmenos
Elyvilon
Fedhas
Kikubaaqudgha
Makhleb
Nemelex Xobeh
Okawaru
Qazlal
Ru
Sif Muna
Trog
Uskayaw
Wu Jian
Yredelemnul
Zin
The Shining One

Annotations:
Lair:2 exclusion: oklob plant


Innate Abilities, Weirdness & Mutations

You are resistant to torment.
Your stone body is resilient. (AC +9)
You are immune to poison.
You resist negative energy. (rN+)
You are resistant to electric shocks. (rElec)
You can survive without breathing.
You are immune to petrification.
You are immune to rotting.
You have large cloven feet.
You are partially covered in rugged brown scales. (AC +1, +3% HP)
Your muscles are strong. (Str +2)
Your spells are a little harder to cast, but a little more powerful.


Message History

The spiny frog stings you but does no damage.
The tyrant leech barely misses you.
The spiny frog stings you but does no damage.
You barely miss the tyrant leech.
The tyrant leech is heavily wounded.
You slice the bullfrog!!
You kill the bullfrog!
Okawaru accepts your kill.
You slash the spiny frog!
The spiny frog stings you but does no damage.
The tyrant leech bites you!!
* * * LOW HITPOINT WARNING * * *
The spiny frog stings you but does no damage.
A blink frog comes into view.
Okay, then.
Okay, then.
You feel yourself speed up. The spiny frog stings you!
* * * LOW HITPOINT WARNING * * *
The blink frog blinks!
The tyrant leech bites you!
You die...

........# #.P#
...§.F..###...###
........P#...##..#.
.#.................
...................
...................
......†)...........
......†.F..........
.P....l.w@.........
...................
...........††......
..........<......P.
.....(...........#.
...................
............?...P.
...............#.
..............P.


You could see a tyrant leech, a komodo dragon, a spiny frog and a blink frog.

Vanquished Creatures
  Gastronok (Lair:2)
  A two-headed ogre (D:8)
  2 hydras
  A death yak (Lair:5)
  Urug (Lair:2)
  Sonja (Lair:4)
  2 black mambas
  A guardian serpent (Lair:1)
  12 spiny frogs
  4 komodo dragons
  A polar bear (Lair:6)
  7 blink frogs
  5 hippogriffs
  11 yaks
  A spriggan (D:9)
  Sigmund (D:6)
  3 basilisks
  4 fire bats (Lair:3)
  2 vampire mosquitoes (Lair:6)
  A hungry ghost (D:8)
  10 porcupines
  13 water moccasins
  An orc warrior (D:7)
  An ice beast (D:9)
  An ogre (D:7)
  10 wolves
  2 centaurs
  11 crocodiles
  The ghost of rgaf the Sneak, an amateur VSAs (D:3)
  12 bullfrogs
  A water moccasin skeleton (D:8)
  11 killer bees
  5 scorpions
  A howler monkey (D:9)
  11 wights
  5 crimson imps
  A quasit (D:9)
  2 orc priests
  A bullfrog skeleton (D:5)
  A centaur zombie (D:6)
  2 hounds
  10 orc wizards
  Crazy Yiuf (D:6)
  2 centaur skeletons
  2 iguanas
  11 worker ants
  A hound zombie (D:8)
  A hound skeleton (D:5)
  A worker ant zombie (D:8)
  Robin (D:3)
  3 gnolls (D:6)
  9 adders
  2 shadow imps (D:8)
  4 oozes
  2 adder zombies
  5 worms
  4 dart slugs
  6 leopard geckos
  21 orcs
  3 ball pythons
  5 giant cockroaches
  12 goblins
  8 hobgoblins
  4 jackals
  6 quokkas
  12 bats
  5 frilled lizards
  5 kobolds
  A leopard gecko skeleton (D:4)
  A quokka skeleton (D:5)
  7 rats
  A fungus (Lair:5)
  2 plants
323 creatures vanquished.

Vanquished Creatures (others)
  2 fire vortices
  5 fungi
  18 plants
25 creatures vanquished.

Grand Total: 348 creatures vanquished

Notes
Turn   | Place    | Note
-------+----------+-------------------------------------------
     0 | D:1      | IksarHS the Gargoyle Monk began the quest for the Orb.
     0 | D:1      | Reached XP level 1. HP: 14/14 MP: 1/1
     2 | D:1      | Noticed an octopode
     2 | D:1      | Noticed a dwarf
     4 | D:1      | Noticed an elf
     4 | D:1      | Noticed a demigod
     6 | D:1      | Noticed a spriggan
     6 | D:1      | Noticed an ogre
     8 | D:1      | Noticed a human
    10 | D:1      | Noticed a ghoul
    10 | D:1      | Noticed a troll
    12 | D:1      | Noticed a centaur
    14 | D:1      | Noticed a draconian
    14 | D:1      | Noticed a naga
    16 | D:1      | Noticed a demonspawn
    16 | D:1      | Noticed a formicid
    18 | D:1      | Noticed a minotaur
    20 | D:1      | Noticed a merfolk
    20 | D:1      | Noticed a tengu
    22 | D:1      | Noticed a vampire
    22 | D:1      | Noticed a vine stalker
    24 | D:1      | Noticed a halfling
    24 | D:1      | Noticed a gargoyle
    26 | D:1      | Noticed a felid
   219 | D:1      | Reached skill level 1 in Armour
   219 | D:1      | Reached XP level 2. HP: 12/19 MP: 2/2
   617 | D:1      | Reached XP level 3. HP: 23/24 MP: 3/3
   827 | D:2      | Reached XP level 4. HP: 29/29 MP: 4/4
   988 | D:2      | Found a sparkling altar of Nemelex Xobeh.
  1296 | D:3      | Noticed Robin
  1343 | D:3      | Killed Robin
  1343 | D:3      | Reached XP level 5. HP: 20/34 MP: 5/5
  1494 | D:3      | Noticed rgaf's ghost (amateur VSAs)
  1522 | D:3      | Killed rgaf's ghost
  2410 | D:4      | Reached XP level 6. HP: 16/40 MP: 6/6
  2419 | D:4      | Reached skill level 5 in Fighting
  3025 | D:4      | Reached skill level 5 in Maces & Flails
  3025 | D:4      | Reached XP level 7. HP: 37/44 MP: 7/7
  3381 | D:5      | Entered Level 5 of the Dungeon
  4217 | D:6      | Found a runed door.
  4634 | D:6      | Reached skill level 5 in Armour
  4734 | D:6      | Reached XP level 8. HP: 19/52 MP: 8/8
  5108 | D:6      | Noticed Sigmund
  5137 | D:6      | Killed Sigmund
  5281 | D:6      | Noticed Crazy Yiuf
  5283 | D:6      | Paralysed by Crazy Yiuf for 3 turns
  5292 | D:6      | Killed Crazy Yiuf
  5908 | D:7      | Reached XP level 9. HP: 12/59 MP: 9/9
  6510 | D:7      | Found a staircase to the Ecumenical Temple.
  6614 | Temple   | Entered the Ecumenical Temple
  6620 | Temple   | Became a worshipper of Warmaster Okawaru
  6620 | Temple   | Reached * piety under Okawaru
  6620 | Temple   | Reached ** piety under Okawaru
  7033 | D:8      | Noticed a two-headed ogre
  7043 | D:8      | Killed a two-headed ogre
  7630 | D:8      | Reached *** piety under Okawaru
  7692 | D:8      | Reached XP level 10. HP: 33/66 MP: 10/10
  8106 | D:9      | Reached **** piety under Okawaru
  8134 | D:9      | Reached skill level 10 in Fighting
  8671 | D:9      | Found a staircase to the Lair.
  8953 | D:9      | Reached ***** piety under Okawaru
  9393 | Lair:1   | Entered Level 1 of the Lair of Beasts
  9413 | Lair:1   | Reached skill level 10 in Armour
  9532 | Lair:1   | Received a gift from Okawaru
  9538 | Lair:1   | Reached skill level 10 in Maces & Flails
  9538 | Lair:1   | Reached XP level 11. HP: 73/73 MP: 11/11
  9590 | Lair:1   | Reached skill level 1 in Axes
 10085 | Lair:1   | Reached skill level 5 in Axes
 10394 | Lair:2   | Found a staircase to the Swamp.
 10398 | Lair:2   | Received a gift from Okawaru
 10429 | Lair:2   | Found a staircase to the Snake Pit.
 10761 | Lair:2   | Noticed Gastronok
 10775 | Lair:2   | Killed Gastronok
 10851 | Lair:2   | Found a blossoming altar of Fedhas.
 10869 | Lair:2   | Noticed an oklob plant
 11074 | Lair:2   | Noticed Urug
 11081 | Lair:2   | Killed Urug
 11093 | Lair:2   | Gained mutation: You are partially covered in rugged brown scales. (AC +1, +3% HP) [potion of mutation]
 11093 | Lair:2   | Gained mutation: You have large cloven feet. [potion of mutation]
 11093 | Lair:2   | Gained mutation: Your muscles are strong. (Str +2) [potion of mutation]
 11093 | Lair:2   | Gained mutation: Your spells are a little harder to cast, but a little more powerful. [potion of mutation]
 11407 | Lair:3   | Noticed an eight-headed hydra
 11415 | Lair:3   | Killed a five-headed hydra
 11415 | Lair:3   | Reached XP level 12. HP: 68/81 MP: 12/12
 11907 | Lair:3   | Reached skill level 10 in Axes
 12324 | Lair:4   | Reached ****** piety under Okawaru
 12456 | Lair:4   | Noticed Sonja
 12462 | Lair:4   | Killed Sonja
 12462 | Lair:4   | Reached skill level 1 in Invocations
 13023 | Lair:5   | Noticed an eight-headed hydra
 13032 | Lair:5   | Killed a two-headed hydra
 13241 | Lair:5   | Received a gift from Okawaru
 13242 | Lair:5   | Got a smoking executioner's axe {god gift}
 13243 | Lair:5   | Identified the +1 executioner's axe of Gaseidgh {chop, *Corrode rF+ Dex+3} (Okawaru gifted it to you on level 5 of the Lair of Beasts)
 14003 | Lair:6   | Entered Level 6 of the Lair of Beasts
 14003 | Lair:6   | Noticed a death yak
 14003 | Lair:6   | Noticed a death yak
 14003 | Lair:6   | Noticed a death yak
 14003 | Lair:6   | Noticed a death yak
 14003 | Lair:6   | Noticed a death yak
 14012 | Lair:5   | Killed a death yak
 14706 | Lair:6   | Reached XP level 13. HP: 69/86 MP: 15/15
 14720 | Lair:6   | Received a gift from Okawaru
 14736 | Lair:6   | Slain by a tyrant leech

Skill      XL: |  1  2  3  4  5  6  7  8  9 10 11 12 13 |
---------------+----------------------------------------+-----
Armour         | 1 2 3 4 5 6 8 10 11 | 11.0
Fighting       | 4 5 6 7 9 10 11 | 11.5
Maces & Flails | 4 5 7 8 10 | 10.0
Axes           | 8 11 | 11.2
Invocations    | 3 |  3.8
Dodging        | 3 |  3.9
Stealth        | |  2.1

Action                   |  1- 3 |  4- 6 |  7- 9 | 10-12 | 13-15 || total
-------------------------+-------+-------+-------+-------+-------++-------
Melee: Mace              |    93 |   300 |   641 |   358 |       ||  1392
       Flail             |       |       |       |    63 |       ||    63
       Executioner's axe |       |       |       |   214 |    27 ||   241
       Broad axe         |       |       |       |    19 |       ||    19
       Kick              |       |       |       |    42 |     7 ||    49
Invok: Heroism           |       |       |       |     1 |       ||     1
Evoke: Wand              |       |       |     6 |     2 |       ||     8
       Lightning rod     |       |       |       |     4 |       ||     4
  Use: Potion            |       |       |    12 |    11 |     1 ||    24
       Scroll            |       |       |     7 |     2 |       ||     9
 Stab: Invisible         |       |       |     2 |     5 |       ||     7
  Eat: Chunk             |       |     5 |     7 |     8 |       ||    20
       Ration            |       |     1 |     5 |     5 |       ||    11
Armor: Robe              |    19 |       |       |       |       ||    19
       Chain mail        |    59 |   309 |   533 |   615 |    36 ||  1552
Dodge: Dodged            |    66 |   183 |   315 |   375 |    23 ||   962
